AoeStats
← 李太君の秽土转生

Arena

509074971Analyzed
1v1 RM · 7d ago on Sep 25, 2026· 105m 42s· 2 players
Game mode
Random Map
Map size
Tiny (2 player)
Population
200
Speed
Normal
Resources
Standard
Victory
Conquest
Starting age
Dark Age
Ending age
Imperial Age
RankedLock teamsTeams togetherTeam positionsShared explorationLock speedFull tech treeHidden civsTurbo modeCheats
Victory
Defeat
🇨🇿 Saracens · Czechia
749
+16
755
-16
Henricus Christophorus
9:44 Feudal Age
13:55 Castle Age
12:12 Double-Bit Axe
13:02 Scale Barding Armor
13:43 Horse Collar
18:37 Loom
20:29 Stone Mining
21:08 Heavy Plow
24:25 Chain Barding Armor
26:09 Forging
26:13 Bloodlines
29:28 Wheelbarrow
28:40 Town Watch
28:42 Loom
31:04 Gold Mining
32:49 Bimaristan
36:09 Imperial Age
33:37 Stone Mining
35:29 Iron Casting
34:47 Fletching
35:49 Masonry
35:46 Husbandry
35:11 Light Cavalry
36:15 Redemption
36:26 Sanctity
36:41 Hand Cart
36:27 Town Patrol
36:50 Bow Saw
36:43 Heavy Plow
38:15 Chemistry
36:40 Capped Ram
36:52 Elite Skirmisher
37:41 Bodkin Arrow
37:40 Hussar
40:32 Thumb Ring
41:14 Block Printing
41:25 Illumination
42:35 Ballistics
44:19 Two-Man Saw
44:53 Plate Barding Armor
44:55 Iron Casting
45:04 Siege Engineers
45:35 Gambesons
45:11 Man-at-Arms
47:46 Long Swordsman
48:56 Bracer
49:57 Blast Furnace
49:52 Squires
49:13 Two-Handed Swordsman
50:56 Crossbowman
53:01 Hoardings
53:30 Conscription
55:32 Conscription
56:07 Fortified Wall
55:52 Murder Holes
57:04 Scale Mail Armor
57:04 Padded Archer Armor
59:05 Chain Mail Armor
60:35 Arbalester
63:13 Capped Ram
65:49 Leather Archer Armor
67:22 Siege Ram
72:40 Onager
81:11 Elite Mameluke
83:45 Champion
86:50 Ring Archer Armor
86:51 Plate Mail Armor
92:07 Devotion
101:09 Gold Shaft Mining
李太君の秽土转生
7:22 Loom
9:35 Feudal Age
10:23 Double-Bit Axe
15:42 Castle Age
15:16 Horse Collar
22:08 Heavy Plow
25:05 Wheelbarrow
26:15 Gold Mining
33:58 Imperial Age
33:08 Hand Cart
34:17 Bow Saw
33:37 Pikeman
34:58 Scale Mail Armor
36:02 Ballistics
36:30 Chain Mail Armor
36:26 Forging
37:20 Thumb Ring
38:52 Chemistry
37:58 Crossbowman
38:52 Fletching
40:11 Bodkin Arrow
40:54 Crop Rotation
41:01 Gambesons
41:42 Conscription
42:28 Treadmill Crane
42:54 Siege Engineers
46:26 Halberdier
47:46 Plate Mail Armor
47:52 Iron Casting
47:19 Bracer
50:57 Man-at-Arms
51:34 Long Swordsman
53:19 Blast Furnace
53:30 Arbalester
53:48 Two-Handed Swordsman
54:41 Stone Mining
56:10 Stone Shaft Mining
55:56 Arquebus
57:02 Champion
57:45 Padded Archer Armor
57:51 Scale Barding Armor
58:13 Murder Holes
58:31 Masonry
62:29 Architecture
62:23 Bombard Tower
62:02 Arson
61:40 Elite Skirmisher
67:05 Fervor
67:11 Block Printing
67:17 Bloodlines
66:28 Light Cavalry
67:10 Husbandry
71:56 Town Watch
72:40 Sanctity
72:32 Herbal Medicine
76:04 Cavalier
79:57 Fortified Wall
91:37 Town Patrol
92:49 Chain Barding Armor
92:45 Leather Archer Armor
Connection lost

Rejoining the realm…

Still unreachable

The connection could not be restored.

Session expired

The server has moved on; the page needs a fresh start.